 Dungeon Crawl Stone Soup version 0.16-a0-715-g16937c4 (webtiles) character file.

41 PolkaDot the Ruffian (level 3, -6/30 HPs)
             Began as a Draconian Transmuter on Sept 21, 2014.
             Killed by divine providence
             ... invoked by an orc priest
              (9 damage)
             ... on Level 3 of the Dungeon.
             The game lasted 00:03:48 (1703 turns).

PolkaDot the Ruffian (Draconian Transmuter)         Turns: 1703, Time: 00:03:48

HP  -6/30        AC  5     Str 12      XL: 3   Next: 32%
MP   6/6         EV 12     Int 14      God:
Gold 94          SH  0     Dex 11      Spells:  1 memorised,  5 levels left

rFire  . . .     SeeInvis .       - Unarmed
rCold  . . .     Clarity  .     (armour unavailable)
rNeg   . . .     rCorr    .     (no shield)
rPois  .         rRot     .     (helmet restricted)
rElec  .         Spirit   .     (no cloak)
SustAb .         Warding  .     (no gloves)
rMut   .         Stasis   .     (no boots)
Gourm  .                        (no amulet)
MR     .....                    (no ring)
                                (no ring)

@: very slightly contaminated, not resistant to hostile enchantments, very
unstealthy
A: unfitting armour, cold-blooded, AC +5
a: no special abilities


You were on level 3 of the Dungeon.
You were hungry.

You visited 1 branch of the dungeon, and saw 3 of its levels.

You collected 94 gold pieces.

Inventory:

Missiles
 b - 12 arrows
Comestibles
 a - 2 bread rations
 l - a chunk of rat flesh
Scrolls
 c - a scroll of teleportation {unknown}
 f - 3 scrolls of blinking
 g - a scroll of identify {unknown}
 j - a scroll of recharging {unknown}
 k - a scroll of remove curse {unknown}
Jewellery
 i - an uncursed amulet of resist mutation {unknown}
Books
 d - a book of Changes

   Spells                             Type                      Level
   *Beastly Appendage                 Transmutation                1
   Sticks to Snakes                   Transmutation                2
   Spider Form                        Transmutation/Poison         3
   Ice Form                           Ice/Transmutation            4
   Blade Hands                        Transmutation                5


   Skills:
 + Level 2.4 Fighting
 - Level 1.7 Dodging
 * Level 3.9 Unarmed Combat
 - Level 2.0 Spellcasting
 - Level 2.0 Transmutations


You had 5 spell levels left.
You knew the following spells:

 Your Spells              Type           Power        Failure   Level  Hunger
a - Beastly Appendage     Trmt           #.....       12%         1    ##.....


Dungeon Overview and Level Annotations

Branches:
Dungeon (3/15)

Altars:
Sif Muna


Innate Abilities, Weirdness & Mutations

Your plain brown scales are hard (AC +5).
Your body does not fit into most forms of armour.
Your cold-blooded metabolism reacts poorly to cold.


Message History

The bat hits you but does no damage. The bat barely misses you.
The bat misses you. The quokka bites you.
* * * LOW HITPOINT WARNING * * *
The bat completely misses you. The bat hits you but does no damage.
The bat misses you. The bat barely misses you.
The bat hits you but does no damage. The quokka bites you.
* * * LOW HITPOINT WARNING * * *
The bat closely misses you. x2
Read which item? (? for menu, Esc to quit)
Read which item? (? for menu, Esc to quit)
Blink to where?
Press: ? - help, Dir - move target cursor
As you read the scroll labeled KIOWOCR REID, it crumbles to dust.
You are very lightly contaminated with residual magic.
It was a scroll of blinking.
A kobold comes into view. It is wielding a dagger.
The kobold shouts!
The orc priest invokes the aid of Beogh against you.
Something smites you!
You die...

....#
#...####...##
... ##..#.....##
.. #....#...# #
#......###### ..
#.............
##.#.....#######
#.....#.##
.##.......#
........@.#
##........####
.........K.g###
....K..#.o.ob.#
..........br.ยง#
..?........###
.....[.....
..!.....##.
.....>.# ..


You could see an orc priest, an orc, a quokka, 2 bats and 2 kobolds.

Vanquished Creatures
  2 adders (D:2)
  A giant gecko (D:1)
  3 bats (D:1)
  4 giant cockroaches
  A goblin (D:2)
  4 hobgoblins
  2 giant newts
  3 kobolds
  3 rats
23 creatures vanquished.

Notes
Turn   | Place    | Note
--------------------------------------------------------------
     0 | D:1      | PolkaDot, the Draconian Transmuter, began the quest for the Orb.
     0 | D:1      | Reached XP level 1. HP: 16/16 MP: 3/3
   302 | D:1      | Reached XP level 2. HP: 7/24 MP: 2/4
  1193 | D:2      | Reached XP level 3. HP: 8/30 MP: 6/6
  1571 | D:2      | Found a deep blue altar of Sif Muna.
  1703 | D:3      | Killed from afar by an orc priest

Action                   || total
-------------------------++-------
Melee: Unarmed           ||   104
 Cast: Beastly Appendage ||     5
  Use: Potion            ||     3
       Scroll            ||     1
 Stab: Sleeping          ||     1
  Eat: Chunk             ||     2
